 Dungeon Crawl Stone Soup version 0.31.0-1-g2c135a008e (webtiles) character file.

Game seed: 4131203770431415669

3073 qw the Skirmisher (level 10, -3/72 HPs)
             Began as a Djinni Hunter on Jan 24, 2024.
             Was a Believer of Okawaru.
             Slain by a killer bee (4 damage)
             ... while petrified by a basilisk
             ... on level 8 of the Dungeon.
             The game lasted 00:00:24 (4675 turns).

qw the Skirmisher (Djinni Hunter)                   Turns: 4675, Time: 00:00:24

Health: -3/72      AC: 12    Str: 10    XL:     10   Next: 12%
Gold:   80         EV:  2    Int: 12    God:    Okawaru [**....] SH:  0 Dex: 20

rFire   + + .        a - +1 shortbow (heavy)
rCold   . . .        (shield currently unavailable)
rNeg    + + +        b - +1 ring mail {rC+}
rPois   inf          (no helmet)
rElec   .            j - +2 cloak
rCorr   .            i - +2 pair of gloves
SInv    .            (boots unavailable)
Will    +....        (no amulet)
Stlth   +            (no ring)
HPRegen 0.32/turn    (no ring)
MPRegen 0.00/turn

%: infuse magic (-4 HP)
@: petrified, flying
A: sickness immunity, fire resistance 2, cold vulnerability 1, float, innate
caster, HP casting, extra vitality 1
a: Renounce Religion, Heroism


You were on level 8 of the Dungeon.
You worshipped Okawaru.
Okawaru was pleased with you.
You visited 1 branch of the dungeon, and saw 8 of its levels.

You collected 294 gold pieces.
You spent 214 gold pieces at shops.


Innate Abilities, Weirdness & Mutations

You are immune to sickness and miasma.
You are immune to poison.
Your flesh is very heat resistant. (rF++)
You are vulnerable to cold. (rC-)
You float through the air rather than walking.
You learn spells naturally, not from books.
Your magical power is your life essence.
You have superior vitality. (+4 MHP)


   Skills:
 + Level 6.0 Fighting
 - Level 11.2 Ranged Weapons
 - Level 3.1 Armour
 - Level 10.4 Dodging
 - Level 0.7 Stealth
 + Level 2.9 Invocations


You knew the following spells:

 Your Spells              Type           Power      Damage    Failure   Level
a - Sandblast             Erth           0%         2d4       63%         1
b - Scorch                Fire           0%         2d5       77%         2
c - Lesser Beckoning      Tloc           0%         N/A       77%         2
d - Summon Ice Beast      Ice/Summ       0%         N/A       94%         3
Your spell library was empty.

Inventory:

Hand Weapons
 a - a +1 heavy shortbow (weapon)
Armour
 b - a +1 ring mail of cold resistance (worn)
 f - a +1 ring mail of fire resistance
 i - a +2 pair of gloves (worn)
 j - a +2 cloak (worn)
Jewellery
 c - a ring of ice
Wands
 q - a wand of paralysis (6)
Potions
 e - a potion of degeneration {unknown}
 k - a potion of curing

Dungeon Overview and Level Annotations

Branches:
Dungeon (8/15)             Temple (0/1) D:6
   Lair: D:8-11

Altars:
Ashenzari
Fedhas
Gozag
Okawaru
Xom
Zin

Shops:
D:5 *?

Portals:
Abyss: D:4

Annotations:
D:4 1 transporter, qw's ghost, novice GrHu


Message History

The killer bee stings you but does no damage.
The killer bee completely misses you. The killer bee stings you.
The killer bee stings you but does no damage.
The killer bee barely misses you.
The killer bee stings you but does no damage. x4
The killer bee stings you. x2
The killer bee stings you but does no damage.
The killer bee stings you.
The killer bee stings you but does no damage.
The killer bee stings you! The killer bee stings you.
The killer bee stings you but does no damage.
The killer bee stings you.
A sky beast comes into view.
The killer bee stings you but does no damage.
The killer bee stings you. The killer bee stings you!
The killer bee stings you.
The killer bee stings you but does no damage.
The killer bee stings you but does no damage.
The killer bee stings you.
The killer bee stings you but does no damage.
The killer bee stings you.
The killer bee stings you but does no damage.
The killer bee stings you.
A yak comes into view.
The kobold brigand hits you but does no damage.
A yak comes into view.
The killer bee stings you. The killer bee barely misses you.
The killer bee stings you but does no damage. x2
The killer bee stings you.
The killer bee stings you but does no damage.
The killer bee stings you but does no damage. x2
The killer bee stings you.
The killer bee stings you but does no damage. x3
The kobold hits you with a +0 short sword.
A kobold comes into view. It is wielding a +0 whip.
The kobold brigand hits you with a +0 dagger.
The killer bee stings you but does no damage.
The killer bee stings you. x3
The killer bee stings you but does no damage.
The killer bee stings you!
You die...

#....(.#
#......#
#......##
#.......#
#.......#
#.......#
#...yyy.#
#...y@y.#
#...yKK.#
###.KlK....
....Y.......
.........P...
#!...Y......P.
#.....Y.......
.......K...Y..


You could see 3 yaks, a sky beast, a kobold brigand, an iguana, 6 killer bees
and 4 kobolds.

Vanquished Creatures
  2 wyverns (D:8)
  A wraith (D:5)
  Edmund (D:5)
  An orc warrior (D:8)
  An ice beast (D:5)
  An ogre (D:5)
  A centaur (D:6)
  A kobold brigand (D:6)
  2 phantoms (D:4)
  7 scorpions
  2 bullfrogs
  A water moccasin zombie (D:4)
  A wight (D:5)
  2 howler monkeys
  3 orc priests
  A centaur skeleton (D:4)
  4 hounds
  A jelly (D:5)
  A sleepcap (D:5)
  4 iguanas (D:5)
  2 scorpion zombies (D:4)
  3 orc wizards
  3 hound zombies (D:4)
  2 hound skeletons (D:4)
  3 gnolls (D:2)
  10 adders
  A shadow imp (D:5)
  3 adder zombies (D:4)
  2 adder skeletons (D:4)
  2 dart slugs
  A ribbon worm (D:2)
  19 orcs
  7 bats
  7 endoplasms
  4 giant cockroaches
  12 goblins
  8 hobgoblins
  12 kobolds
  A quokka (D:1)
  8 ball pythons
  3 frilled lizards
  A quokka zombie (D:4)
  8 rats
160 creatures vanquished.

Notes
Turn   | Place    | Note
-------+----------+-------------------------------------------
     0 | D:1      | qw the Djinni Hunter began the quest for the Orb.
     0 | D:1      | Reached XP level 1. HP: 18/18 MP: 0/0
     0 | D:1      | 0 ||| qw: Version: 0.3-a-136-gdd3b4e8
     0 | D:1      | 0 ||| qw: Game counter: 1441
     0 | D:1      | 0 ||| qw: Melee chars always use a shield: true
     0 | D:1      | 0 ||| qw: God list: Okawaru
     0 | D:1      | 0 ||| qw: Allow faded altars: false
     0 | D:1      | 0 ||| qw: Do Orc after clearing Dungeon:15 true
     0 | D:1      | 0 ||| qw: Do second Lair branch before Depths: true
     0 | D:1      | 0 ||| qw: Lair rune preference: random
     0 | D:1      | 0 ||| qw: Goals: Normal
     0 | D:1      | 0 ||| PLANNING D:1-11
    50 | D:1      | Found a faded altar of an unknown god.
   134 | D:1      | Reached XP level 2. HP: 23/23 MP: 0/0
   726 | D:1      | 726 ||| UPGRADING to +2 pair of gloves.
   731 | D:1      | 731 ||| UPGRADING to +0 ring mail.
   741 | D:1      | 741 ||| DROPPING +0 leather armour.
   742 | D:1      | 742 ||| DROPPING +6 ring of intelligence.
   743 | D:1      | 743 ||| READING scroll labelled QAUMMEMA UCOT.
   743 | D:1      | 743 ||| ENCHANTING +0 shortbow.
   744 | D:1      | 744 ||| READING 2 scrolls labelled EWNE ZUNYNN.
   744 | D:1      | 744 ||| IDENTIFYING silvery potion
   745 | D:1      | 745 ||| READING scroll of identify.
   745 | D:1      | 745 ||| IDENTIFYING scroll labelled WOASENNIHANO
   746 | D:1      | 746 ||| DROPPING scroll of butterflies.
   747 | D:1      | 747 ||| DROPPING potion of berserk rage.
   748 | D:1      | 748 ||| DROPPING scroll of silence.
   793 | D:2      | Reached XP level 3. HP: 28/28 MP: 0/0
   793 | D:2      | Learned a level 1 spell: Sandblast
   805 | D:2      | Reached skill level 1 in Armour
   871 | D:2      | Reached skill level 4 in Ranged Weapons
   888 | D:2      | Reached skill level 3 in Fighting
   888 | D:2      | Reached XP level 4. HP: 34/35 MP: 0/0
  1100 | D:2      | Reached XP level 5. HP: 40/40 MP: 0/0
  1100 | D:2      | Learned a level 2 spell: Scorch
  1488 | D:2      | 1488 ||| UPGRADING to +1 ring mail of cold resistance.
  1498 | D:2      | 1498 ||| DROPPING +0 ring mail.
  1499 | D:2      | 1499 ||| READING scroll labelled FEUZXA YQERO.
  1499 | D:2      | 1499 ||| ENCHANTING +0 shortbow.
  1500 | D:2      | 1500 ||| DRINKING 2 purple potions.
  1501 | D:2      | 1501 ||| DRINKING 2 blue potions.
  1501 | D:2      | Reached skill level 11 in Ranged Weapons
  1501 | D:2      | Reached XP level 6. HP: 46/46 MP: 0/0
  1502 | D:2      | 1502 ||| DRINKING potion of experience.
  1502 | D:2      | Reached XP level 7. HP: 50/50 MP: 0/0
  1502 | D:2      | Learned a level 2 spell: Lesser Beckoning
  1528 | D:3      | 1528 ||| STAIRDANCE
  2328 | D:3      | 2328 ||| DROPPING +0 ring mail of cold resistance.
  2329 | D:3      | 2329 ||| READING scroll labelled YGRENU QOABESE.
  2330 | D:3      | 2330 ||| READING scroll labelled VIAWNO EJILEDEAMM.
  2335 | D:3      | 2335 ||| READING scroll labelled ILUROSTROICVO.
  2336 | D:3      | 2336 ||| READING scroll labelled WAMEKOIF BOTE.
  2337 | D:3      | 2337 ||| READING scroll labelled ZAC RIOMNOWEKATINI.
  2375 | D:4      | Found a transporter.
  2486 | D:4      | Reached XP level 8. HP: 39/58 MP: 0/0
  2576 | D:4      | Found a one-way gate to the infinite horrors of the Abyss.
  2576 | D:4      | Noticed qw's ghost (novice GrHu)
  2584 | D:4      | Noticed an ancient zyme
  2975 | D:4      | Found an iron altar of Okawaru.
  2976 | D:4      | 2976 ||| PLANNING OKAWARU WORSHIP
  2976 | D:4      | 2976 ||| READING 2 scrolls of identify.
  2976 | D:4      | 2976 ||| IDENTIFYING metallic golden potion
  2977 | D:4      | 2977 ||| READING scroll of identify.
  2977 | D:4      | 2977 ||| IDENTIFYING amethyst potion
  2978 | D:4      | 2978 ||| READING scroll labelled LEOTYF RIUL.
  2978 | D:4      | 2978 ||| BRANDING +1 shortbow.
  2979 | D:4      | 2979 ||| DRINKING 2 bubbling inky potions.
  2980 | D:4      | 2980 ||| DROPPING potion of brilliance.
  2981 | D:4      | 2981 ||| DROPPING potion of invisibility.
  2985 | D:4      | Became a worshipper of Warmaster Okawaru
  2986 | D:4      | 2986 ||| PLANNING D:1-11
  3182 | D:4      | Found a blossoming altar of Fedhas.
  3221 | D:5      | Entered Level 5 of the Dungeon
  3265 | D:5      | Reached XP level 9. HP: 57/65 MP: 0/0
  3265 | D:5      | Learned a level 3 spell: Summon Ice Beast
  3322 | D:5      | Found Cinynesk's General Store.
  3406 | D:5      | Noticed Edmund
  3411 | D:5      | Killed Edmund
  3411 | D:5      | Reached * piety under Okawaru
  3699 | D:5      | Reached skill level 1 in Invocations
  3886 | D:5      | Found The Oracle's Delphic Readings.
  3890 | D:5      | 3890 ||| BUYING scroll of enchant armour (97 gold).
  3890 | D:5      | Bought a scroll of enchant armour for 97 gold pieces
  3890 | D:5      | 3890 ||| BUYING scroll of identify (26 gold).
  3890 | D:5      | Bought a scroll of identify for 26 gold pieces
  3890 | D:5      | 3890 ||| BUYING scroll of identify (26 gold).
  3890 | D:5      | Bought a scroll of identify for 26 gold pieces
  3890 | D:5      | 3890 ||| BUYING scroll of identify (26 gold).
  3890 | D:5      | Bought a scroll of identify for 26 gold pieces
  3890 | D:5      | 3890 ||| BUYING scroll of teleportation (39 gold).
  3890 | D:5      | Bought a scroll of teleportation for 39 gold pieces
  3926 | D:5      | 3926 ||| INVOKING Heroism.
  4043 | D:5      | 4043 ||| UPGRADING to +0 cloak.
  4048 | D:5      | 4048 ||| READING 2 scrolls of enchant armour.
  4048 | D:5      | 4048 ||| ENCHANTING +0 cloak.
  4049 | D:5      | 4049 ||| READING scroll of enchant armour.
  4049 | D:5      | 4049 ||| ENCHANTING +1 cloak.
  4050 | D:5      | 4050 ||| READING 4 scrolls of identify.
  4050 | D:5      | 4050 ||| IDENTIFYING orange potion
  4051 | D:5      | 4051 ||| READING 3 scrolls of identify.
  4051 | D:5      | 4051 ||| IDENTIFYING scroll labelled VIFYKAKILL
  4052 | D:5      | 4052 ||| DROPPING potion of attraction.
  4053 | D:5      | 4053 ||| DROPPING scroll of torment.
  4116 | D:6      | Reached skill level 6 in Fighting
  4122 | D:6      | Reached ** piety under Okawaru
  4285 | D:6      | Found a staircase to the Ecumenical Temple.
  4408 | D:6      | You are sucked into a shaft and drop 1 floor!
  4408 | D:7      | Found an opulent altar of Gozag.
  4408 | D:7      | Found a broken altar of Ashenzari.
  4408 | D:7      | Found a shimmering altar of Xom.
  4408 | D:7      | Found a glowing silver altar of Zin.
  4409 | D:7      | 4409 ||| PLANNING OSSUARY
  4413 | D:7      | 4413 ||| READING 2 scrolls of identify.
  4413 | D:7      | 4413 ||| IDENTIFYING scroll labelled KEUGHU ZIPPAOLU
  4414 | D:7      | 4414 ||| DROPPING scroll of blinking.
  4450 | D:8      | 4450 ||| RETREEEEATING.
  4473 | D:8      | Reached XP level 10. HP: 49/72 MP: 0/0
  4477 | D:8      | 4477 ||| FLEEEEING.
  4478 | D:8      | 4478 ||| FLEEEEING.
  4493 | D:8      | 4493 ||| FLEEEEING.
  4496 | D:8      | 4496 ||| FLEEEEING.
  4497 | D:8      | 4497 ||| FLEEEEING.
  4498 | D:8      | 4498 ||| FLEEEEING.
  4499 | D:8      | 4499 ||| FLEEEEING.
  4500 | D:8      | 4500 ||| FLEEEEING.
  4501 | D:8      | 4501 ||| FLEEEEING.
  4502 | D:8      | 4502 ||| FLEEEEING.
  4503 | D:8      | 4503 ||| FLEEEEING.
  4504 | D:8      | 4504 ||| STAIRDANCE
  4545 | D:7      | 4545 ||| READING scroll of identify.
  4545 | D:7      | 4545 ||| IDENTIFYING scroll labelled FOTIDYIKORR
  4546 | D:7      | 4546 ||| DROPPING scroll of summoning.
  4550 | D:8      | 4550 ||| STAIRDANCE
  4587 | D:8      | 4587 ||| FLEEEEING.
  4607 | D:8      | 4607 ||| FLEEEEING.
  4654 | D:8      | Reached skill level 3 in Armour
  4667 | D:8      | HP: 14/72 [basilisk (6)]
  4668 | D:8      | 4668 ||| READING scroll of teleportation.
  4669 | D:8      | 4669 ||| DRINKING potion of heal wounds.
  4674 | D:8      | HP: 16/72 [killer bee (3)]
  4675 | D:8      | HP: 7/72 [kobold brigand/+0 dagger (1)]
  4675 | D:8      | HP: 1/72 [killer bee (3)]
  4675 | D:8      | Slain by a killer bee

Levels and vault maps discovered:
D:1:      mainiacjoe_arrival_reflecting_pool, layout_basic,
          basic_ecumenical_altar
D:2:      layout_loops_ring
D:3:      layout_basic, minmay_ruptured
D:4:      layout_gridville, lemuel_crystal_altar, marbit_many_paths,
          serial_undead, serial_undead_d, serial_undead_d, serial_undead_a,
          serial_undead_a, serial_undead_f, gammafunk_ghost_abyssal_escape,
          minmay_unequal
D:5:      layout_loops_cross, serial_shops, nicolae_shop_hallway_plus,
          nicolae_nh_oracle_at_delphi, uniq_edmund
D:6:      layout_gridville, temple_doors_e
D:7:      layout_rooms, nicolae_overflow_hidden_temple, enter_ossuary_3,
          uniq_maurice, uniq_menkaure
D:8:      layout_rooms, minmay_lair_entry_grove

Skill      XL: |  1  2  3  4  5  6  7  8  9 10 |
---------------+-------------------------------+-----
Armour         | 1 2 3 |  3.1
Ranged Weapons | 4 11 | 11.2
Fighting       | 3 5 6 |  6.0
Dodging        | 10 | 10.4
Invocations    | 2 |  2.9
Stealth        | |  0.7

Action                     |  1- 3 |  4- 6 |  7- 9 | 10-12 || total
---------------------------+-------+-------+-------+-------++-------
   Fire: Shortbow          |    70 |    72 |   366 |    35 ||   543
 Invoke: Heroism           |       |       |     1 |       ||     1
    Use: Scroll            |     3 |     1 |    13 |     2 ||    19
         Potion            |       |     3 |     1 |     1 ||     5
 Armour: Leather armour    |     7 |       |       |       ||     7
         Ring mail         |     1 |    17 |   158 |   102 ||   278
  Dodge: Dodged            |    20 |    15 |   225 |    47 ||   307

Table legend:
 A = Non-vault XP
 B = Vault XP
 C = Vault XP percentage of total XP
 D = Non-vault monster count
 E = Vault monster count
 F = Vault count percentage of total count
                 A         B        C        D         E       F
            +---------+---------+-------+---------+---------+-------
      Total |    2429 |    1405 |  36.6 |     129 |      31 |  19.4
            +---------+---------+-------+---------+---------+-------
        D:1 |      26 |       0 |   0.0 |      14 |       0 |   0.0
        D:2 |     190 |       0 |   0.0 |      34 |       0 |   0.0
        D:3 |     143 |       4 |   2.7 |      19 |       3 |  13.6
        D:4 |     145 |     744 |  83.7 |      14 |      23 |  62.2
        D:5 |    1201 |     240 |  16.7 |      21 |       3 |  12.5
        D:6 |     439 |       0 |   0.0 |      16 |       0 |   0.0
        D:7 |       3 |       0 |   0.0 |       1 |       0 |   0.0
        D:8 |     282 |     417 |  59.7 |      10 |       2 |  16.7
            +---------+---------+-------+---------+---------+-------
